 Dungeon Crawl Stone Soup version 0.23.0 (webtiles) character file.

Game seed: 16581163626384486957

4044 Kass the Grappler (level 10, -1/76 HPs)
             Began as a Gnoll Transmuter on Feb 19, 2019.
             Was a Believer of Kikubaaqudgha.
             Slain by a shadow (17 damage)
             ... on level 8 of the Dungeon.
             The game lasted 00:30:19 (7778 turns).

Kass the Grappler (Gnoll Transmuter)                Turns: 7778, Time: 00:30:19

Health: -1/76      AC:  2    Str: 16    XL:     10   Next: 24%
Magic:  19/20      EV: 26    Int: 21    God:    Kikubaaqudgha [**....]
Gold:   480        SH:  0    Dex: 20    Spells: 11/23 levels left

rFire    . . .     SeeInvis .     - Unarmed
rCold    . . .     Gourm    .   (shield currently unavailable)
rNeg     . . .     Faith    .   (armour currently unavailable)
rPois    x         Spirit   .   (helmet currently unavailable)
rElec    .         Reflect  .   (cloak currently unavailable)
rCorr    .         Harm     .   (gloves currently unavailable)
MR       .....                  (boots currently unavailable)
Stlth    +++.......             r - amulet of magic regeneration
HPRegen  0.22/turn              o - +5 ring of intelligence
MPRegen  0.42/turn              (no ring)

@: spider-form
A: tiny, distributed training, strong nose
a: End Transformation, Receive Corpses, Renounce Religion


You were on level 8 of the Dungeon.
You worshipped Kikubaaqudgha.
Kikubaaqudgha was pleased with you.
You were hungry.
You were a venomous arachnid creature.
You visited 2 branches of the dungeon, and saw 10 of its levels.

You collected 480 gold pieces.

Inventory:

Hand Weapons
 g - a +3 spear of distortion (melded)
Missiles
 a - 102 arrows
Armour
 b - a +0 robe
 e - a +0 buckler (melded)
 j - a +0 pair of gloves (melded)
 m - the +0 hat "Zonoick" (melded) {rF+ Regen+ Str+2}
   (You acquired it on level 5 of the Dungeon)

   It affects your strength (+2).
   It protects you from fire.
   It increases your rate of regeneration.
 x - a +1 robe of cold resistance (melded)
 y - +0 ice dragon scales
 A - the +2 plate armour "Muegum" {rPois rC- Str+4}
   (You found it on level 9 of the Dungeon)

   It affects your strength (+4).
   It makes you vulnerable to cold.
   It protects you from poison.
 D - a +0 cloak (melded)
Jewellery
 o - a +5 ring of intelligence (left front leg)
 r - an amulet of magic regeneration (around neck)
 F - the ring of Terra Nullius {rCorr rPois rC- rN++ Str+3}
   (You took it off a centaur on level 9 of the Dungeon)

   [ring of resist corrosion]

   It affects your strength (+3).
   It makes you vulnerable to cold.
   It protects you from poison.
   It greatly protects you from negative energy.
Wands
 v - a wand of disintegration (7)
 w - a wand of flame (10)
Scrolls
 f - a scroll of amnesia
 h - 5 scrolls of remove curse
 k - 4 scrolls of identify
 u - a scroll of fog
 B - 2 scrolls of teleportation
Potions
 c - 7 potions of curing {unknown}
 i - a potion of lignification {unknown}
 l - 3 potions of degeneration {unknown}
 n - 2 potions of heal wounds {unknown}
 p - 3 potions of flight {unknown}
 q - a potion of brilliance {unknown}
 s - a potion of mutation {unknown}
 t - 2 potions of might
 z - a potion of cancellation {unknown}
 C - a potion of ambrosia {unknown}
 G - a potion of haste {unknown}
Comestibles
 d - 14 rations
 E - 10 chunks of flesh


   Skills:
 + Level 5.7 Fighting
 + Level 5.0 Short Blades
 + Level 5.0 Long Blades
 + Level 5.0 Axes
 + Level 5.0 Maces & Flails
 + Level 5.0 Polearms
 + Level 5.0 Staves
 + Level 5.0 Slings
 + Level 5.0 Bows
 + Level 5.0 Crossbows
 + Level 5.0 Throwing
 + Level 5.0 Armour
 + Level 6.8 Dodging
 + Level 5.0 Stealth
 + Level 5.0 Shields
 + Level 8.3 Unarmed Combat
 + Level 7.1 Spellcasting
 + Level 4.1 Conjurations
 + Level 4.1 Hexes
 + Level 4.1 Charms
 + Level 4.1 Summonings
 + Level 4.1 Necromancy
 + Level 4.1 Translocations
 + Level 5.7 Transmutations
 + Level 4.1 Fire Magic
 + Level 4.1 Ice Magic
 + Level 4.1 Air Magic
 + Level 4.1 Earth Magic
 + Level 4.1 Poison Magic
 + Level 5.5 Invocations
 + Level 5.0 Evocations


You had 11 spell levels left.
You knew the following spells:

 Your Spells              Type           Power        Failure   Level  Hunger
a - Beastly Appendage     Tmut           ####..       4%          1    None
b - Sticks to Snakes      Tmut           ####....     6%          2    None
c - Spider Form           Tmut/Pois      ####......   12%         3    None
d - Pain                  Necr           ###.         7%          1    None
e - Corpse Rot            Necr           N/A          9%          2    None
f - Regeneration          Chrm/Necr      ###.......   14%         3    None

Your spell library contained the following spells:

 Spells                   Type           Power        Failure   Level  Hunger
 Sublimation of Blood     Necr           ###.......   9%          2    None
 Ice Form                 Ice/Tmut       ####....     28%         4    ###....
 Blade Hands              Tmut           ####......   43%         5    #####..


Dungeon Overview and Level Annotations

Branches:
Dungeon (9/15)             Temple (1/1) D:6
   Lair: D:8-11         Orc: D:9-12

Altars:
Ashenzari
Cheibriados
Elyvilon
Gozag
Kikubaaqudgha
Makhleb
Nemelex Xobeh
Qazlal
Ru
Xom
Yredelemnul
Zin


Innate Abilities, Weirdness & Mutations

Your experience applies equally to all skills.
((You have very sharp teeth.))
Your uncanny sense of smell can sniff out nearby items.


Message History

Your ball python bites the shadow but does no damage.
You hit the shadow.
The shadow is almost destroyed.
The shadow hits you!
* * * LOW HITPOINT WARNING * * *
Your ball python bites the shadow but does no damage. x2
You hit the shadow but do no damage.
The shadow is almost destroyed.
Your ball python bites the shadow but does no damage. x2
The shadow slips into darkness.
The shadow flickers and vanishes!
Deactivating autopickup; reactivate with Ctrl-A.
The shadow strikes at your ball python from the darkness!
Your ball python dies!
The shadow strikes at your ball python from the darkness!
Your ball python dies!
You hit something.
The shadow strikes at you from the darkness!
You die...
Kikubaaqudgha rasps: "You have failed me!
Welcome... death!"

#..................
#..................
#..................
#...>..............
#..................
#..................
#..................
#.{................
#.s................
#..................
#..................
#..................
#..............รท...
#..................
#..................
#..................
#..................


There were no monsters in sight!

Vanquished Creatures
  5 yaks (D:9)
  A hungry ghost (D:9)
  An ice beast (D:6)
  An orc warrior (D:3)
  A sky beast (D:7)
  4 ogres
  5 centaurs
  A big kobold (D:4)
  A wyvern zombie (D:7)
  2 bullfrogs
  A gnoll sergeant (D:9)
  A scorpion (D:8)
  2 jellies (D:6)
  2 killer bees (D:9)
  2 howler monkeys
  2 crimson imps
  5 hounds
  Crazy Yiuf (D:7)
  2 bullfrog skeletons
  5 orc wizards
  Natasha (D:3)
  2 worker ants
  7 adders
  7 gnolls
  A howler monkey skeleton (D:4)
  2 oozes
  An adder zombie (D:2)
  3 adder skeletons
  3 worms
  3 dart slugs
  3 leopard geckos
  19 orcs
  2 ball pythons
  A bat skeleton (D:2)
  3 giant cockroaches
  7 goblins
  3 hobgoblins
  6 jackals
  2 quokkas
  A ball python skeleton (D:2)
  A ball python zombie (D:5)
  7 bats
  4 frilled lizards
  2 jackal skeletons
  7 kobolds
  A leopard gecko skeleton (D:6)
  A leopard gecko zombie (D:2)
  2 quokka zombies
  5 rats
152 creatures vanquished.

Vanquished Creatures (collateral kills)
  A two-headed ogre (D:9)
  A killer bee (D:9)
  A gnoll (D:9)
3 creatures vanquished.

Vanquished Creatures (others)
  An ogre (D:9)
  A crimson imp (D:8)
  A quasit (D:9)
  A hound (D:5)
  A centaur zombie (D:8)
  A gnoll shaman (D:2)
  A worker ant zombie (D:2)
  A gnoll (D:2)
  An adder (D:5)
  A shadow imp (D:8)
  An adder skeleton (D:7)
  An orc (D:6)
  A quokka skeleton (D:2)
13 creatures vanquished.

Grand Total: 168 creatures vanquished

Notes
Turn   | Place    | Note
-------+----------+-------------------------------------------
     0 | D:1      | Kass the Gnoll Transmuter began the quest for the Orb.
     0 | D:1      | Reached XP level 1. HP: 17/17 MP: 6/6
    52 | D:1      | Reached XP level 2. HP: 23/23 MP: 5/7
   389 | D:1      | Reached XP level 3. HP: 28/28 MP: 9/9
   393 | D:1      | Learned a level 2 spell: Sticks to Snakes
   397 | D:1      | Learned a level 3 spell: Spider Form
   789 | D:1      | Reached skill level 5 in Spellcasting
  1126 | D:2      | Found an ancient bone altar of Kikubaaqudgha.
  1276 | D:2      | Reached skill level 1 in Invocations
  1307 | D:2      | Reached skill level 1 in Short Blades
  1307 | D:2      | Reached skill level 1 in Long Blades
  1307 | D:2      | Reached skill level 1 in Axes
  1307 | D:2      | Reached skill level 1 in Maces & Flails
  1307 | D:2      | Reached skill level 1 in Polearms
  1307 | D:2      | Reached skill level 1 in Staves
  1307 | D:2      | Reached skill level 1 in Slings
  1307 | D:2      | Reached skill level 1 in Bows
  1307 | D:2      | Reached skill level 1 in Crossbows
  1307 | D:2      | Reached skill level 1 in Throwing
  1307 | D:2      | Reached skill level 1 in Armour
  1307 | D:2      | Reached skill level 1 in Stealth
  1307 | D:2      | Reached skill level 1 in Shields
  1307 | D:2      | Reached skill level 1 in Evocations
  1313 | D:2      | Reached XP level 4. HP: 34/34 MP: 11/11
  1383 | D:2      | Reached skill level 1 in Conjurations
  1383 | D:2      | Reached skill level 1 in Hexes
  1383 | D:2      | Reached skill level 1 in Charms
  1383 | D:2      | Reached skill level 1 in Summonings
  1383 | D:2      | Reached skill level 1 in Necromancy
  1383 | D:2      | Reached skill level 1 in Translocations
  1383 | D:2      | Reached skill level 1 in Fire Magic
  1383 | D:2      | Reached skill level 1 in Ice Magic
  1383 | D:2      | Reached skill level 1 in Air Magic
  1383 | D:2      | Reached skill level 1 in Earth Magic
  1383 | D:2      | Reached skill level 1 in Poison Magic
  1388 | D:2      | Reached XP level 5. HP: 18/40 MP: 12/12
  1555 | D:2      | Found a burning altar of Makhleb.
  1960 | D:2      | Became a worshipper of Kikubaaqudgha
  2039 | D:3      | Noticed an orc warrior
  2239 | D:3      | Reached XP level 6. HP: 42/47 MP: 13/13
  2382 | D:3      | Noticed Natasha
  2430 | D:3      | Reached * piety under Kikubaaqudgha
  2430 | D:3      | Identified Kikubaaqudgha's Disquisition on Necromancy
                  | (Kikubaaqudgha gifted it to you on level 3 of the Dungeon)
  2430 | D:3      | Received a gift from Kikubaaqudgha
  2443 | D:3      | Learned a level 1 spell: Pain
  2446 | D:3      | Learned a level 2 spell: Corpse Rot
  2450 | D:3      | Learned a level 3 spell: Regeneration
  2539 | D:3      | Killed Natasha
  2594 | D:3      | Killed an orc warrior
  2594 | D:3      | Reached skill level 5 in Dodging
  2733 | D:3      | Reached XP level 7. HP: 38/52 MP: 15/15
  2907 | D:4      | Reached skill level 7 in Unarmed Combat
  3332 | D:5      | Entered Level 5 of the Dungeon
  3531 | D:5      | Identified a scroll of acquirement
  3532 | D:5      | Got a faintly humming hat
  3533 | D:5      | Identified the +0 hat "Zonoick" {rF+ Regen+ Str+2} (You
                  | acquired it on level 5 of the Dungeon)
  3554 | D:5      | Reached XP level 8. HP: 60/60 MP: 16/16
  4494 | D:6      | Found a staircase to the Ecumenical Temple.
  4503 | Temple   | Entered the Ecumenical Temple
  5065 | D:6      | Reached ** piety under Kikubaaqudgha
  5279 | D:7      | Found a runed translucent door.
  5280 | D:7      | Noticed Crazy Yiuf
  5293 | D:7      | Killed Crazy Yiuf
  5752 | D:7      | Found a stormy altar of Qazlal.
  5888 | D:7      | Reached XP level 9. HP: 51/66 MP: 18/18
  5896 | D:7      | Reached skill level 5 in Transmutations
  7053 | D:9      | Found a sacrificial altar of Ru.
  7141 | D:9      | Noticed a two-headed ogre
  7152 | D:9      | Reached skill level 5 in Fighting
  7421 | D:9      | Got an ancient plate armour
  7503 | D:9      | Killed a two-headed ogre
  7503 | D:9      | Reached skill level 8 in Unarmed Combat
  7503 | D:9      | Reached skill level 5 in Invocations
  7616 | D:9      | Identified the +2 plate armour "Muegum" {rPois rC- Str+4}
                  | (You found it on level 9 of the Dungeon)
  7635 | D:9      | Identified the ring of Terra Nullius {rCorr rPois rC- rN++
                  | Str+3}
  7642 | D:9      | Reached XP level 10. HP: 74/74 MP: 20/20
  7702 | D:9      | Reached skill level 5 in Short Blades
  7702 | D:9      | Reached skill level 5 in Long Blades
  7702 | D:9      | Reached skill level 5 in Axes
  7702 | D:9      | Reached skill level 5 in Maces & Flails
  7702 | D:9      | Reached skill level 5 in Polearms
  7702 | D:9      | Reached skill level 5 in Staves
  7702 | D:9      | Reached skill level 5 in Slings
  7702 | D:9      | Reached skill level 5 in Bows
  7702 | D:9      | Reached skill level 5 in Crossbows
  7702 | D:9      | Reached skill level 5 in Throwing
  7702 | D:9      | Reached skill level 5 in Armour
  7702 | D:9      | Reached skill level 5 in Stealth
  7702 | D:9      | Reached skill level 5 in Shields
  7702 | D:9      | Reached skill level 5 in Evocations
  7778 | D:8      | Slain by a shadow

Skill      XL: |  1  2  3  4  5  6  7  8  9 10 |
---------------+-------------------------------+-----
Spellcasting   | 5 6 7 |  7.1
Invocations    | 1 2 3 4 5 |  5.5
Short Blades   | 1 2 3 4 5 |  5.0
Long Blades    | 1 2 3 4 5 |  5.0
Axes           | 1 2 3 4 5 |  5.0
Maces & Flails | 1 2 3 4 5 |  5.0
Polearms       | 1 2 3 4 5 |  5.0
Staves         | 1 2 3 4 5 |  5.0
Slings         | 1 2 3 4 5 |  5.0
Bows           | 1 2 3 4 5 |  5.0
Crossbows      | 1 2 3 4 5 |  5.0
Throwing       | 1 2 3 4 5 |  5.0
Armour         | 1 2 3 4 5 |  5.0
Stealth        | 1 2 3 4 5 |  5.0
Shields        | 1 2 3 4 5 |  5.0
Evocations     | 1 2 3 4 5 |  5.0
Conjurations   | 1 2 3 4 |  4.1
Hexes          | 1 2 3 4 |  4.1
Charms         | 1 2 3 4 |  4.1
Summonings     | 1 2 3 4 |  4.1
Necromancy     | 1 2 3 4 |  4.1
Translocations | 1 2 3 4 |  4.1
Fire Magic     | 1 2 3 4 |  4.1
Ice Magic      | 1 2 3 4 |  4.1
Air Magic      | 1 2 3 4 |  4.1
Earth Magic    | 1 2 3 4 |  4.1
Poison Magic   | 1 2 3 4 |  4.1
Fighting       | 3 4 5 |  5.7
Transmutations | 4 5 |  5.7
Dodging        | 5 6 |  6.8
Unarmed Combat | 7 8 |  8.3

Action                   |  1- 3 |  4- 6 |  7- 9 | 10-12 || total
-------------------------+-------+-------+-------+-------++-------
Melee: Unarmed           |    22 |     1 |    33 |    29 ||    85
       Kick              |     3 |       |       |       ||     3
       Bite              |     4 |    10 |    24 |     1 ||    39
       Spear             |    39 |   134 |   305 |     4 ||   482
 Cast: Beastly Appendage |     1 |       |       |       ||     1
       Pain              |       |     2 |     8 |     3 ||    13
       Spider Form       |       |     1 |     6 |     2 ||     9
       Regeneration      |       |     1 |     4 |       ||     5
       Sticks to Snakes  |       |       |    18 |     1 ||    19
       Corpse Rot        |       |       |     3 |       ||     3
  Use: Scroll            |       |       |    14 |       ||    14
 Stab: Sleeping          |     1 |     9 |    16 |       ||    26
       Distracted        |     1 |       |       |       ||     1
  Eat: Chunk             |     1 |     5 |    17 |       ||    23
Armor: Robe              |    14 |     9 |    23 |     1 ||    47
Dodge: Dodged            |    46 |    58 |   128 |    15 ||   247
Block: Buckler           |     6 |    18 |    29 |     1 ||    54
